 Dungeon Crawl Stone Soup version 0.19.5 (webtiles) character file.

24 MeIsWinter the Sneak (level 2, 0/15 HPs)
             Began as a Spriggan Assassin on Mar 1, 2017.
             Succumbed to an adder's poison
             ... on level 2 of the Dungeon.
             The game lasted 00:05:19 (813 turns).

MeIsWinter the Sneak (Spriggan Assassin)             Turns: 813, Time: 00:05:20

Health: 0/15       AC:  3    Str:  7    XL:     2   Next: 79%
Magic:  3/3        EV: 17    Int: 12    God:
Gold:   40         SH:  0    Dex: 17    Spells: 0 memorised, 1 level left

rFire  . . .     SeeInvis +     a - +2 dagger
rCold  . . .     Gourm    .     c - +0 robe
rNeg   . . .     Faith    .     (shield restricted)
rPois  .         Spirit   .     (helmet restricted)
rElec  .         Reflect  .     d - +0 cloak
rCorr  .         Harm     .     (gloves unavailable)
MR     .....                    (boots unavailable)
Stlth  ++++......               (no amulet)
                                (no ring)
                                k - ring of flight

@: lethally poisoned (0 -> -8), very slightly contaminated, hasted, very quick
A: unfitting armour, see invisible, herbivore 3, speed 3, slow metabolism 2
a: Evoke Flight


You were on level 2 of the Dungeon.
You were not hungry.

You visited 1 branch of the dungeon, and saw 2 of its levels.

You collected 40 gold pieces.

Inventory:

Hand Weapons
 a - a +2 dagger (weapon)
 b - a +0 blowgun
Missiles
 e - 7 poisoned needles
 f - 2 curare-tipped needles
Armour
 c - a +0 robe (worn)
 d - a +0 cloak (worn)
Jewellery
 k - a ring of flight (left hand)
 p - an uncursed ring of flight
Scrolls
 h - 2 scrolls of remove curse {unknown}
 j - 2 scrolls of random uselessness {unknown}
 l - a scroll of recharging {unknown}
 o - a scroll of amnesia {unknown}
Potions
 i - a potion of curing {unknown}
 m - a potion of heal wounds {unknown}
 n - a potion of haste
 q - a potion of flight {unknown}
 r - a potion of agility {unknown}
Comestibles
 g - 4 bread rations


   Skills:
 + Level 1.7 Fighting
 + Level 2.2 Short Blades
 + Level 2.1 Throwing
 + Level 1.7 Dodging
 + Level 6.9 Stealth


You had one spell level left.
You didn't know any spells.

Dungeon Overview and Level Annotations

Branches:
Dungeon (2/15)

Altars:


Innate Abilities, Weirdness & Mutations

You are very small and have problems with some larger weapons.
You are too small for most types of armour.
You have supernaturally acute eyesight. (SInv)
You are a herbivore.
You cover ground extremely quickly.
You need consume almost no food.


Message History

You hit the adder.
The adder is moderately wounded.
The adder completely misses you.
You hit the adder but do no damage.
The adder is moderately wounded.
The adder completely misses you.
You barely miss the adder.
The adder is moderately wounded.
* * * LOW HITPOINT WARNING * * *
You feel sick. The adder bites you.
* * * LOW HITPOINT WARNING * * *
The adder bites you.
* * * LOW HITPOINT WARNING * * *
You are more poisoned.
The adder poisons you!
It was a potion of haste.
You feel yourself speed up. The adder misses you.
You are very lightly contaminated with residual magic.
* * * LOW HITPOINT WARNING * * *
You feel sick.
You die...

#.# #..$....... #.#
#......###
#.##########.S....######
#.......................
#.#..%.####.......####.
#.#....# #......[#
#.#....# #.......#
#.#....####.[.....##
#.####...##..@.....###+
#.# #...................
####.#
#..##%##.....).......
.....#
#.#.###.#.####..(....
###### #( # ?.##.#
.###+#. #. #(.!#..# +#
#. #.? ##.# #.## #.# ..#
..#


You could see an adder.

Vanquished Creatures
  An adder (D:2)
  A dart slug (D:1)
  A leopard gecko (D:1)
  A bat (D:1)
  4 giant cockroaches
  2 frilled lizards (D:1)
  3 rats (D:1)
13 creatures vanquished.

Notes
Turn   | Place    | Note
-------+----------+-------------------------------------------
     0 | D:1      | MeIsWinter the Spriggan Assassin began the quest for the Orb.
     0 | D:1      | Reached XP level 1. HP: 10/10 MP: 2/2
    77 | D:1      | Reached skill level 6 in Stealth
   305 | D:1      | Reached XP level 2. HP: 15/15 MP: 3/3
   813 | D:2      | Succumbed to an adder's poison

Skill      XL: |  1 |
---------------+----+-----
Stealth        | 6 |  6.9
Fighting       | |  1.7
Short Blades   | |  2.2
Throwing       | |  2.1
Dodging        | |  1.7

Action                   || total
-------------------------++-------
Melee: Dagger            ||    45
 Fire: Blowgun           ||     7
  Use: Potion            ||     1
 Stab: Sleeping          ||     4
Armor: Robe              ||     6
Dodge: Dodged            ||    42
